 Dungeon Crawl Stone Soup version 0.23.2-33-g5129a83184 (webtiles) character file.

Game seed: 8403488808513163025

91 Brecoman the Gusty (level 4, -4/36 HPs)
             Began as a Draconian Air Elementalist on June 28, 2019.
             Was an Initiate of Gozag.
             Slain by an orc priest
             ... wielding a +0 whip
              (6 damage)
             ... on level 3 of the Dungeon.
             The game lasted 00:09:02 (2763 turns).

Brecoman the Gusty (Draconian Air Elementalist)     Turns: 2763, Time: 00:09:03

Health: -4/36      AC:  5    Str: 11    XL:     4   Next: 34%
Magic:  0/7        EV: 12    Int: 16    God:    Gozag
Gold:   181        SH:  0    Dex: 11    Spells: 5/8 levels left

rFire    . . .     SeeInvis .   c - +0 hand axe
rCold    . . .     Gourm    .   (no shield)
rNeg     . . .     Faith    .   (armour unavailable)
rPois    .         Spirit   .   (helmet restricted)
rElec    .         Reflect  .   (no cloak)
rCorr    .         Harm     .   (no gloves)
MR       .....                  (no boots)
Stlth    ++........             (no amulet)
HPRegen  0.12/turn              (no ring)
MPRegen  0.10/turn              (no ring)

@: very slightly contaminated
A: unfitting armour, cold-blooded, AC +5
a: Potion Petition, Call Merchant, Bribe Branch, Renounce Religion


You were on level 3 of the Dungeon.
You worshipped Gozag.
Gozag was aware of your devotion.
You were very hungry.

You visited 1 branch of the dungeon, and saw 3 of its levels.

You collected 241 gold pieces.
You paid 60 gold pieces to Gozag.

Inventory:

Hand Weapons
 c - a +0 hand axe (weapon)
Missiles
 i - 68 stones (quivered)
Scrolls
 n - a scroll of remove curse
Potions
 a - 3 potions of heal wounds
 d - a potion of curing
 e - a potion of resistance {unknown}
 f - a potion of mutation {unknown}
 g - a potion of ambrosia {unknown}
 h - 2 potions of invisibility
 j - 4 potions of haste
 k - a potion of flight {unknown}
 o - a potion of brilliance {unknown}
Comestibles
 b - 5 rations


   Skills:
 + Level 1.8 Fighting
 + Level 1.6 Axes
 - Level 1.7 Dodging
 - Level 1.7 Stealth
 + Level 2.5 Spellcasting
 + Level 1.9 Conjurations
 + Level 3.5 Air Magic


You had 5 spell levels left.
You knew the following spells:

 Your Spells              Type           Power        Failure   Level  Hunger
a - Shock                 Conj/Air       ##..         6%          1    #......
b - Swiftness             Chrm/Air       #.......     14%         2    ##.....

Your spell library contained the following spells:

 Spells                   Type           Power        Failure   Level  Hunger
 Static Discharge         Conj/Air       ##......     19%         3    ###....
 Airstrike                Air            ##........   41%         4    #####..
 Lightning Bolt           Conj/Air       ##........   87%         5    ######.


Dungeon Overview and Level Annotations

Branches:
Dungeon (3/15)

Altars:
Elyvilon
Gozag
Yredelemnul


Innate Abilities, Weirdness & Mutations

Your plain brown scales are hard. (AC +5)
You cannot fit into any form of body armour.
You are cold-blooded and may be slowed by cold attacks.


Message History

Beogh smites you!
* * * LOW HITPOINT WARNING * * *
You hit the orc priest.
The orc priest is almost dead.
The orc priest misses you.
Casting: Shock (safe; 6% risk of failure)
Confirm with . or Enter, or press ? or * to list all spells.
Aiming: Shock (safe; 6% risk of failure)
Press: ? - help, Shift-Dir - straight line You miscast Shock.
Your skin tingles.
The orc priest closely misses you.
You closely miss the orc priest.
The orc priest is almost dead.
The orc priest barely misses you.
You hit the orc priest.
The orc priest is almost dead.
The orc priest hits you with a +0 whip.
* * * LOW HITPOINT WARNING * * *
The orc priest hits you with a +0 whip.
You die...
Your body crumbles into a pile of gold.

#..<.....##..#.##.## #...#
#......^.##....##..###...#
#....o...##...# #..#...#
#....o....#...# #....#.##
#.........#..#####....>..#
#............o..##.......#
#.........#.###.##.......###
#...........# #o#............
##...#####..###@#....[...####
#...## ###.................##
#...##...................#..#
##. #...........#.......##.#
# #.............########.# #
#..........>........##.# ##
#...............###..#.###.
####..#.#.......####...##..
..##>#..................


You could see an orc priest.

Vanquished Creatures
  3 adders
  2 worms (D:2)
  2 dart slugs
  A leopard gecko (D:2)
  4 orcs
  5 bats (D:2)
  6 goblins
  5 hobgoblins
  4 jackals (D:1)
  4 kobolds
  2 ball pythons
  5 frilled lizards
  6 rats
49 creatures vanquished.

Notes
Turn   | Place    | Note
-------+----------+-------------------------------------------
     0 | D:1      | Brecoman the Draconian Air Elementalist began the quest for
                  | the Orb.
     0 | D:1      | Reached XP level 1. HP: 14/14 MP: 3/3
   362 | D:1      | Reached XP level 2. HP: 22/22 MP: 1/5
   720 | D:1      | Reached skill level 1 in Fighting
  1134 | D:2      | Learned a level 2 spell: Swiftness
  1189 | D:2      | Found a white marble altar of Elyvilon.
  1366 | D:2      | Reached skill level 1 in Axes
  1463 | D:2      | Reached XP level 3. HP: 25/28 MP: 6/6
  1810 | D:2      | Found a basalt altar of Yredelemnul.
  2002 | D:3      | Found an opulent altar of Gozag.
  2058 | D:3      | Became a worshipper of Gozag Ym Sagoz the Greedy
  2212 | D:2      | Reached XP level 4. HP: 34/35 MP: 7/7
  2763 | D:3      | Slain by an orc priest

Skill      XL: |  1  2 |
---------------+-------+-----
Fighting       | 1 |  1.8
Axes           | 1 |  1.6
Dodging        | |  1.7
Stealth        | |  1.7
Spellcasting   | |  2.5
Conjurations   | |  1.9
Air Magic      | |  3.5

Action                   |  1- 3 |  4- 6 || total
-------------------------+-------+-------++-------
Melee: Hand axe          |    94 |     6 ||   100
       Tailslap          |    10 |       ||    10
 Cast: Shock             |    34 |    21 ||    55
  Use: Scroll            |       |     7 ||     7
 Stab: Sleeping          |     5 |       ||     5
  Eat: Chunk             |     5 |       ||     5
Armor: Skin              |    39 |     4 ||    43
Dodge: Dodged            |    92 |    18 ||   110
